 Dungeon Crawl Stone Soup version 0.29-a0-885-gb26ba3297d (webtiles) character file.

Game seed: 11033406560411293590

12313 Hubris850 the Grappler (level 11, -1/111 HPs)
             Began as a Troll Berserker on July 20, 2022.
             Was an Elder of Trog.
             Slain by a black mamba (12 damage)
             ... on level 1 of the Lair of Beasts.
             The game lasted 00:22:17 (5836 turns).

Hubris850 the Grappler (Troll Berserker)            Turns: 5836, Time: 00:22:18

Health: -1/111     AC: 12    Str: 37    XL:     11   Next: 60%
Magic:  10/10      EV:  6    Int:  3    God:    Trog [****..]
Gold:   430        SH:  0    Dex:  9    Spells: 10/10 levels left

rFire   . . .      SeeInvis +     - Unarmed
rCold   . . .      Faith    .   (no shield)
rNeg    . . .      Spirit   .   r - +3 swamp dragon scales
rPois   +          Reflect  .   (helmet restricted)
rElec   .          Harm     .   (no cloak)
rCorr   .          Rampage  .   (gloves unavailable)
Will    .....                   (boots unavailable)
Stlth   ..........              E - amulet of magic regeneration
HPRegen 1.08/turn               m - ring of see invisible
MPRegen 0.52/turn               g - +6 ring of strength

@: lethally poisoned (-1 -> -2), marked, on berserk cooldown, held, slowed, very
slow
A: large, unfitting armour, claws 3, regeneration 1, shaggy fur 1, tough skin 1
a: Renounce Religion, Berserk, Trog's Hand, Brothers in Arms


You were on level 1 of the Lair of Beasts.
You worshipped Trog.
Trog was greatly pleased with you.
You visited 2 branches of the dungeon, and saw 10 of its levels.
You also visited: Sewer.

You collected 430 gold pieces.

Inventory:

Hand Weapons
 b - a +6 dire flail of holy wrath
 t - a +2 hand axe of flaming
 G - the +8 mace "Plog" {flame, Str+4 Stlth+}
   (You found it on level 7 of the Dungeon)

   It burns those it strikes, dealing additional fire damage.
   Str:       It affects your strength (+4).
   Stlth:     It makes you more stealthy.
Missiles
 d - 4 javelins
 e - 6 boomerangs (quivered)
 h - 8 poisoned darts
 A - 3 boomerangs of dispersal
 B - 2 throwing nets
 J - a curare-tipped dart
Armour
 a - a +0 animal skin
 r - +3 swamp dragon scales (worn)
 u - a +2 robe of resistance
 v - +1 steam dragon scales
Jewellery
 g - a +6 ring of strength (right claw)
 m - a ring of see invisible (left claw)
 E - an amulet of magic regeneration (around neck)
Wands
 o - a wand of charming (7)
 q - a wand of polymorph (11)
 s - a wand of iceblast (6)
Scrolls
 k - a scroll of teleportation
 y - a scroll of magic mapping {unknown}
 C - a scroll of fog {unknown}
 D - 2 scrolls of noise {unknown}
 F - a scroll of fear
 H - a scroll of brand weapon {unknown}
 I - 2 scrolls of identify
Potions
 c - 2 potions of lignification
 f - a potion of resistance
 i - 2 potions of attraction
 j - a potion of mutation
 l - a potion of ambrosia
 n - 3 potions of heal wounds
 w - 6 potions of curing
 x - a potion of berserk rage
 z - a potion of flight


   Skills:
 - Level 8.0 Fighting
 + Level 5.5 Throwing
 - Level 8.0 Dodging
 + Level 12.6 Unarmed Combat


You had 10 spell levels left.
You didn't know any spells.
Your spell library was empty.

Dungeon Overview and Level Annotations

Branches:
Dungeon (9/15)               Lair (1/5) D:8           Sewer (visited)
 Temple: D:4-7          Orc: D:9-12

Altars:

Shops:
D:4 *

Annotations:
D:8 1 runed translucent door
Lair:1 Harold, Urug


Innate Abilities, Weirdness & Mutations

You are too large for most types of armour.
You have claws for hands.
Your natural rate of healing is unusually fast.
You are covered in fur. (AC +1)
You have tough skin. (AC +1)


Message History

Urug is severely wounded.
The black mamba bites you but does no damage.
Harold gestures at you while chanting. A sentinel's mark forms upon you.
Urug barely misses you.
You closely miss Urug. You claw Urug.
Urug is severely wounded.
The black mamba barely misses you.
You barely miss Urug.
Urug is severely wounded.
The black mamba bites you.
You are poisoned.
The black mamba poisons you!
Harold throws a throwing net.
The throwing net hits you.
You become entangled in the net!
Urug hits you with a +2 broad axe of electrocution.
You are electrocuted!!
You struggle against the net.
You feel very sick. The black mamba bites you.
The black mamba bites you but does no damage.
Urug hits you with a +2 broad axe of electrocution!
You struggle against the net.
You feel a strong urge to attack something.
You feel sick. The black mamba barely misses you.
You rip the net and break free!
You feel sick.
The black mamba bites you but does no damage.
Harold throws a throwing net.
The throwing net hits you.
You become entangled in the net!
Urug squints, then shrugs and mutters, "Close enough."
Urug hits you with a +2 broad axe of electrocution!
You struggle against the net.
You feel your anger nearly subside.
You are no longer berserk.
You are exhausted.
You feel yourself slow down.
You feel sick. The black mamba bites you.
Urug hits you with a +2 broad axe of electrocution!!
* * * LOW HITPOINT WARNING * * *
You struggle against the net.
You feel very sick. The black mamba bites you!
You die...

#
.............#
##.....^....###
#............#
###..........#
#P.........#
##.........#
#......#...#
##...S.....#
#...@.....#
#..}o.@:..#
#.....#...#
#......#...#
##.........#
#........##
##......
........


You could see Harold, Urug and a black mamba.

Vanquished Creatures
  A death knight (D:8)
  Erica (Lair:1)
  4 two-headed ogres (D:8)
  3 death yaks
  Pikel (D:6)
  A cane toad (Lair:1)
  Maggie (D:6)
  A kobold demonologist (D:8)
  Sigmund (D:6)
  A wyvern (D:8)
  A vampire (D:5)
  10 yaks
  Eustachio (D:4)
  A basilisk (Lair:1)
  3 steam dragons
  Edmund (D:5)
  2 water moccasins (Lair:1)
  4 orc warriors
  A black bear (D:4)
  A sky beast (D:7)
  An ogre (D:7)
  3 centaurs
  A lemure (D:6)
  A kobold brigand (D:8)
  Blork the orc (D:6)
  4 bullfrogs
  2 gnoll sergeants
  3 necrophages
  5 scorpions
  5 wights
  4 killer bees (D:6)
  A howler monkey (D:8)
  3 jellies
  A hound (D:5)
  5 orc priests
  3 iguanas
  3 orc wizards
  6 hell rats
  6 gnolls (D:6)
  5 adders
  4 river rats (Sewer)
  2 shadow imps
  2 white imps
  An ufetubus (D:4)
  3 dart slugs
  23 orcs
  4 endoplasms
  4 giant cockroaches
  3 goblins
  4 hobgoblins
  8 quokkas
  4 ball pythons
  2 bats (D:3)
  A frilled lizard (D:1)
  2 kobolds
  8 rats
178 creatures vanquished.

Vanquished Creatures (others)
  3 fungi (Lair:1)
  A plant (Lair:1)
4 creatures vanquished.

Grand Total: 182 creatures vanquished

Notes
Turn   | Place    | Note
-------+----------+-------------------------------------------
     0 | D:1      | Hubris850 the Troll Berserker began the quest for the Orb.
     0 | D:1      | Reached XP level 1. HP: 22/22 MP: 0/0
   180 | D:1      | Reached XP level 2. HP: 29/29 MP: 1/1
   302 | D:1      | You fall into a shaft and drop 1 floor!
   346 | D:2      | Reached skill level 4 in Unarmed Combat
   446 | D:3      | Reached XP level 3. HP: 36/36 MP: 2/2
   615 | D:3      | Reached ** piety under Trog
   796 | D:4      | Noticed Eustachio
   861 | D:4      | Killed Eustachio
   862 | D:4      | Reached skill level 6 in Unarmed Combat
   862 | D:4      | Reached XP level 4. HP: 44/44 MP: 3/3
   862 | D:4      | Reached XP level 5. HP: 50/50 MP: 4/4
   895 | D:4      | Found Genivof's CLEARANCE SALE!.
   940 | D:4      | Noticed a black bear
   947 | D:4      | Killed a black bear
   948 | D:4      | Reached XP level 6. HP: 59/59 MP: 5/5
   969 | D:5      | Entered Level 5 of the Dungeon
  1083 | D:5      | Noticed Edmund
  1101 | D:5      | Killed Edmund
  1242 | D:5      | Reached XP level 7. HP: 64/67 MP: 6/6
  1424 | D:5      | Reached skill level 7 in Unarmed Combat
  1569 | D:5      | Noticed a vampire
  1600 | D:5      | Killed a vampire
  1975 | D:6      | Noticed Blork the orc
  1980 | D:6      | Killed Blork the orc
  1981 | D:6      | Reached XP level 8. HP: 78/78 MP: 7/7
  2119 | D:6      | Found a glowing drain.
  2138 | Sewer    | Entered a sewer
  2160 | Sewer    | Reached skill level 8 in Unarmed Combat
  2241 | D:6      | Reached skill level 5 in Fighting
  2241 | D:6      | Reached skill level 5 in Dodging
  2295 | D:6      | Noticed Maggie
  2306 | D:6      | Killed Maggie
  2339 | D:6      | Noticed Sigmund
  2339 | D:6      | Noticed Pikel
  2356 | D:6      | Killed Pikel
  2357 | D:6      | Reached XP level 9. HP: 89/89 MP: 8/8
  2363 | D:6      | Killed Sigmund
  2364 | D:6      | Reached skill level 9 in Unarmed Combat
  2632 | D:6      | Reached *** piety under Trog
  3551 | D:7      | Reached skill level 10 in Unarmed Combat
  3558 | D:7      | Reached XP level 10. HP: 88/99 MP: 9/9
  3714 | D:7      | Identified the +8 mace "Plog" {flame, Str+4 Stlth+}
  4304 | D:8      | Noticed a two-headed ogre
  4308 | D:8      | Killed a two-headed ogre
  4375 | D:8      | Found a runed translucent door.
  4542 | D:8      | Noticed a death yak
  4545 | D:8      | Noticed a death yak
  4596 | D:7      | Killed a death yak
  4633 | D:8      | Killed a death yak
  4634 | D:8      | Reached skill level 11 in Unarmed Combat
  4695 | D:8      | Found a staircase to the Lair.
  4716 | D:8      | Noticed a death yak
  4729 | D:8      | Killed a death yak
  4730 | D:8      | Reached skill level 1 in Throwing
  4924 | D:8      | Noticed a two-headed ogre
  4930 | D:8      | Killed a two-headed ogre
  4930 | D:8      | Reached **** piety under Trog
  4931 | D:8      | Reached XP level 11. HP: 64/111 MP: 10/10
  5035 | D:8      | Found a runed translucent door.
  5321 | D:8      | Noticed a death knight
  5408 | D:8      | Killed a death knight
  5446 | D:8      | Noticed a two-headed ogre
  5488 | D:8      | Killed a two-headed ogre
  5489 | D:8      | Reached skill level 12 in Unarmed Combat
  5511 | D:8      | Noticed a two-headed ogre
  5528 | D:8      | Killed a two-headed ogre
  5657 | Lair:1   | Entered Level 1 of the Lair of Beasts
  5665 | Lair:1   | Reached skill level 5 in Throwing
  5673 | Lair:1   | Noticed Erica
  5687 | Lair:1   | Killed Erica
  5819 | Lair:1   | Noticed Urug
  5826 | Lair:1   | Noticed Harold
  5836 | Lair:1   | Slain by a black mamba

Illustrated notes

Levels and vault maps discovered:
D:1:      heliophobic_arrival_henge, layout_basic, chequers_avenue,
          nrook_mini_backslash
D:2:      layout_loops_corners, hellmonk_ecumenical_altar_heavens_door,
          uniq_jessica, uniq_natasha, uniq_crazy_yiuf_cottage
D:3:      layout_basic, nicolae_shop_vocational, uniq_robin
D:4:      layout_rooms, kennysheep_okawaru_gauntlet, minmay_temple_entry_fiery,
          nicolae_shop_clearance, uniq_eustachio, uniq_grinder, uniq_ijyb
D:5:      minmay_chambers_of_fours, layout_cave_pods, uniq_edmund
D:6:      layout_loops_corners, portal_sewer_entry_f, uniq_maggie, uniq_sigmund,
          uniq_pikel, uniq_blork_the_orc
D:7:      layout_basic
D:8:      cheibrodos_histonic, layout_loops_ring, dpeg_lair_monsters
D:9:      layout_irregular_city, nicolae_overflow_two_pavilions
Lair:1:   layout_cave_shapes, uniq_erica, uniq_harold, uniq_urug

Skill      XL: |  1  2  3  4  5  6  7  8  9 10 11 |
---------------+----------------------------------+-----
Unarmed Combat | 4 6 7 8 10 11 12 | 12.6
Fighting       | 3 4 5 6 8 |  8.0
Dodging        | 3 4 5 6 8 |  8.0
Throwing       | 2 5 |  5.5

Action                   |  1- 3 |  4- 6 |  7- 9 | 10-12 || total
-------------------------+-------+-------+-------+-------++-------
Melee: Unarmed           |    90 |    43 |   186 |   174 ||   493
       Punch             |     1 |       |    11 |    11 ||    23
       Dire flail        |       |     3 |       |       ||     3
Throw: Dart              |       |     1 |       |     1 ||     2
       Boomerang         |       |       |    17 |    16 ||    33
Invok: Berserk           |     1 |     1 |     4 |     5 ||    11
       Trog's Hand       |       |       |     3 |     2 ||     5
  Use: Scroll            |       |       |     8 |     7 ||    15
       Potion            |       |       |       |     1 ||     1
Armor: Animal skin       |    28 |     5 |     9 |       ||    42
       Robe              |       |       |    15 |       ||    15
       Swamp dragon scal |       |       |    24 |    43 ||    67
Dodge: Dodged            |    47 |    12 |    85 |    83 ||   227

Table legend: (Time is in decaauts)
 A = Elapsed time spent in this place.
 B = Non-inter-level travel time spent in this place.
 C = Inter-level travel time spent in this place.
 D = Time resting spent in this place.
 E = Time spent auto-exploring this place.
 F = Levels seen in this place.
 G = Mean time per level.
                   A        B        C        D        E       F      G
               +--------+--------+--------+--------+--------+-----+--------+
         Total |   5866 |   5533 |    333 |    543 |   3271 |  11 |  533.3 |
       Dungeon |   5602 |   5269 |    333 |    543 |   3175 |   9 |  622.4 |
          Lair |    169 |    169 |      0 |      0 |     96 |   1 |  169.0 |
         Sewer |     94 |     94 |      0 |      0 |      0 |   1 |   94.0 |
               +--------+--------+--------+--------+--------+-----+--------+

Top non-repeatable levels by time:
     D:8: 1391 daAuts
     D:6: 1135 daAuts
     D:7: 1083 daAuts
     D:5: 967 daAuts
     D:3: 390 daAuts
     D:1: 301 daAuts
     D:4: 214 daAuts
  Lair:1: 169 daAuts
     D:2: 101 daAuts
   Sewer: 94 daAuts
     D:9: 16 daAuts
